 Dungeon Crawl Stone Soup version 0.30-a0-715-gdb4ae3ece1 (webtiles) character file.

Game seed: 10165678491761264444

79 Azfaa the Purveyor of Pain (level 4, 0/30 HPs)
             Began as a Human Necromancer on Jan 23, 2023.
             Was an Initiate of Kikubaaqudgha.
             Slain by a scorpion (4 damage)
             ... on level 3 of the Dungeon.
             The game lasted 00:14:17 (2171 turns).

Azfaa the Purveyor of Pain (Human Necromancer)      Turns: 2171, Time: 00:14:17

Health: 0/30       AC:  3    Str:  8    XL:     4   Next: 64%
Magic:  4/8        EV: 12    Int: 17    God:    Kikubaaqudgha [......]
Gold:   152        SH:  0    Dex: 16    Spells: 0/8 levels left

rFire   . . .      SeeInvis .    j - +0 short sword
rCold   + . .      Faith    .    (no shield)
rNeg    . . .      Spirit   .    a - +0 robe
rPois   .          Reflect  .    (no helmet)
rElec   .          Harm     .    r - +0 cloak
rCorr   .          Rampage  .    (no gloves)
Will    .....      Rage     3%   (no boots)
Stlth   +++                      i - amulet of the acrobat
HPRegen 0.25/turn                (no ring)
MPRegen 0.11/turn                (no ring)

@: no status effects
A: reduced essence, thin skeletal structure 1, berserk 1, cold resistance 1
a: Renounce Religion


You were on level 3 of the Dungeon.
You worshipped Kikubaaqudgha.
Kikubaaqudgha was noncommittal.
You visited 1 branch of the dungeon, and saw 4 of its levels.

You collected 152 gold pieces.

Inventory:

Hand Weapons
 c - a +0 whip
 e - a +0 dagger
 j - a +0 short sword (weapon)
 l - a +0 short sword
 p - a +0 dagger
Armour
 a - a +0 robe (worn)
 d - a +0 leather armour
 f - a +0 leather armour
 k - a +0 leather armour
 r - a +0 cloak (worn)
Jewellery
 i - an amulet of the acrobat (around neck)
Wands
 n - a wand of flame (12)
 s - a wand of paralysis (4)
Scrolls
 o - a scroll of teleportation
 t - a scroll of enchant weapon {unknown}
Potions
 b - 2 potions of magic
 g - a potion of degeneration
 h - a potion of attraction
 m - a potion of mutation
 u - a potion of flight {unknown}


   Skills:
 + Level 0.1 Fighting
 * Level 0.7 Short Blades
 - Level 0.7 Maces & Flails
 * Level 2.3 Dodging
 + Level 2.4 Stealth
 + Level 2.7 Spellcasting
 + Level 4.6 Necromancy


You couldn't memorise any spells.
You knew the following spells:

 Your Spells              Type           Power      Damage    Failure   Level
a - Necrotise             Necr           72%        1d7       2%          1
b - Vampiric Draining     Necr           18%        2d7       8%          3
c - Animate Dead          Necr           18%        N/A       26%         4

Your spell library contained the following spells:

 Spells                   Type           Power      Damage    Failure   Level
 Cigotuvi's Dreadful Rot  Necr/Pois/Air  14%        N/A       14%         2
 Poisonous Vapours        Pois/Air       4%         N/A       26%         2
 Mephitic Cloud           Conj/Pois/Air  2%         N/A       47%         3
 Agony                    Necr           18%        N/A       58%         5


Dungeon Overview and Level Annotations

Branches:
Dungeon (4/15)
 Temple: D:4-7

Altars:
Hepliaklqana
Kikubaaqudgha
Nemelex Xobeh
The Shining One

Annotations:
D:3 Robin


Innate Abilities, Weirdness & Mutations

Your life essence is reduced to manifest your ancestor. (-10% HP)
You have a somewhat thin skeletal structure. (Dex +2, Stealth+)
You sometimes lose your temper in combat.
Your flesh is cold resistant. (rC+)


Message History

The orc attacks as you move away! The orc completely misses you.
The orc attacks as you move away! The orc closely misses you.
The orc attacks as you move away! The orc completely misses you.
Aiming: Necrotise (safe; 2% risk of failure)
Press: ? - help, Q - select action, (/) - cycle Shift-Dir - straight line, f - orc
Aim: an orc, wielding a +0 falchion (chance to affect: 88%)
The orc writhes in agony.
The orc closely misses you.
Aiming: Necrotise (safe; 2% risk of failure)
Press: ? - help, Q - select action, (/) - cycle Shift-Dir - straight line, f/p - orc
Aim: an orc, wielding a +0 falchion (heavily wounded, chance to affect: 88%)
The orc writhes in agony.
The orc hits you with a +0 falchion.
* * * LOW HITPOINT WARNING * * *
Aiming: Necrotise (safe; 2% risk of failure)
Press: ? - help, Q - select action, (/) - cycle Shift-Dir - straight line, f/p - orc
Aim: an orc, wielding a +0 falchion (almost dead, chance to affect: 88%)
The orc writhes in agony.
You kill the orc!
Kikubaaqudgha accepts your kill.
The dead are walking!
You swap places.
The scorpion stings your orc skeleton!
Your orc skeleton is destroyed!
You open the door.
Robin, a hobgoblin and 8 goblins come into view.
The scorpion stings you.
* * * LOW HITPOINT WARNING * * *
Aiming: Necrotise (safe; 2% risk of failure)
Press: ? - help, Q - select action, (/) - cycle Shift-Dir - straight line, f - scorpion
Aim: a scorpion (chance to affect: 76%)
Okay, then.
Aiming: Throw Flame
Press: ? - help, Shift-Dir - straight line, f - scorpion
Aim: a scorpion (68% to hit)
The puff of flame hits the scorpion.
The scorpion is moderately wounded.
The goblin shouts!
The hobgoblin shouts!
The scorpion stings you.
You die...
Kikubaaqudgha rasps: "You have failed me!
Welcome... death!"

#.#
#######...
#.#
#.........
#.#
#.........
#.#
#.........
#)#
#.........
#.#
##########
#.# #s#
#@# #'#


g.g g.g.# ..ggg. #.g.gg.. ###..... #...... You could see a scorpion, Robin
(asleep), a hobgoblin and 8 goblins.

Vanquished Creatures
  Natasha (D:3)
  2 adders
  2 dart slugs (D:1)
  3 orcs
  4 ball pythons
  3 bats (D:1)
  2 bat zombies (D:3)
  5 endoplasms
  2 giant cockroaches
  4 goblins
  A hobgoblin (D:1)
  3 jackals (D:1)
  3 frilled lizards
  A kobold (D:1)
  5 rats
41 creatures vanquished.

Vanquished Creatures (collateral kills)
  An endoplasm (D:1)
  A bat (D:1)
2 creatures vanquished.

Vanquished Creatures (others)
  5 demonic plants (D:1)
  A fungus (D:1)
6 creatures vanquished.

Grand Total: 49 creatures vanquished

Notes
Turn   | Place    | Note
-------+----------+-------------------------------------------
     0 | D:1      | Azfaa the Human Necromancer began the quest for the Orb.
     0 | D:1      | Reached XP level 1. HP: 13/13 MP: 3/3
    90 | D:1      | Found a faded altar of an unknown god.
   114 | D:1      | Reached XP level 2. HP: 19/19 MP: 1/5
   340 | D:1      | Reached XP level 3. HP: 24/24 MP: 4/6
   516 | D:2      | Gained mutation: You sometimes lose your temper in combat.
                  | [potion of mutation]
   516 | D:2      | Gained mutation: Your flesh is cold resistant. (rC+)
                  | [potion of mutation]
   516 | D:2      | Gained mutation: You have a somewhat thin skeletal
                  | structure. (Dex +2, Stealth+) [potion of mutation]
  1318 | D:3      | Learned a level 3 spell: Vampiric Draining
  1341 | D:3      | Found a hazy altar of Hepliaklqana.
  1346 | D:3      | Became a worshipper of Hepliaklqana the Forgotten
  1431 | D:3      | Reached XP level 4. HP: 15/30 MP: 4/7
  1534 | D:3      | Learned a level 4 spell: Animate Dead
  1541 | D:3      | Found a sparkling altar of Nemelex Xobeh.
  1691 | D:3      | Noticed Natasha
  1700 | D:3      | Killed Natasha
  1735 | D:3      | Found an ancient bone altar of Kikubaaqudgha.
  1752 | D:3      | Fell from the grace of Hepliaklqana
  1752 | D:3      | Became a worshipper of Kikubaaqudgha
  2032 | D:3      | Found a glowing golden altar of the Shining One.
  2135 | D:4      | Noticed a scorpion
  2170 | D:3      | Noticed Robin
  2171 | D:3      | Slain by a scorpion

Illustrated notes

Levels and vault maps discovered:
D:1:      dpeg_arrival_simpleton_a, layout_basic, shapermc_ecumenical_altar_gd
D:2:      layout_loops_corners
D:3:      layout_basic, lemuel_zombie_altar_kikubaaqudgha,
          amcnicky_altar_gilded, worldfamousw_hep_ancestral_shrine, tso_altar,
          hangedman_abyss_or_decor_stabs, uniq_robin, uniq_natasha
D:4:      layout_cave_pools, nicolae_qazlal_style_of_elements,
          nicolae_yredelemnul_ghost_church, serial_shops, shop

Action                     |  1- 3 |  4- 6 || total
---------------------------+-------+-------++-------
  Melee: Unarmed           |     1 |       ||     1
         Whip              |    41 |       ||    41
         Short sword       |    31 |    30 ||    61
   Cast: Necrotise         |    37 |    14 ||    51
  Evoke: Wand              |       |     3 ||     3
    Use: Scroll            |     7 |       ||     7
         Potion            |     3 |     2 ||     5
   Stab: Sleeping          |     4 |       ||     4
 Armour: Robe              |    10 |    12 ||    22
  Dodge: Dodged            |    55 |    50 ||   105

Table legend: (Time is in decaauts)
 A = Elapsed time spent in this place.
 B = Non-inter-level travel time spent in this place.
 C = Inter-level travel time spent in this place.
 D = Time resting spent in this place.
 E = Time spent auto-exploring this place.
 F = Levels seen in this place.
 G = Mean time per level.
                   A        B        C        D        E       F      G
               +--------+--------+--------+--------+--------+-----+--------+
         Total |   2179 |   2179 |      0 |    177 |     78 |   4 |  544.8 |
       Dungeon |   2179 |   2179 |      0 |    177 |     78 |   4 |  544.8 |
               +--------+--------+--------+--------+--------+-----+--------+

Top non-repeatable levels by time:
     D:3: 1052 daAuts
     D:2: 590 daAuts
     D:1: 483 daAuts
     D:4: 52 daAuts
